 Dungeon Crawl Stone Soup version 0.23-a0-635-g88ca12a (webtiles) character file.

140 tilp the Chiller (level 5, -3/40 HPs)
             Began as a Merfolk Ice Elementalist on Dec 27, 2018.
             Killed by divine providence
             ... invoked by an orc priest
              (15 damage)
             ... on level 3 of the Dungeon.
             The game lasted 00:08:40 (2219 turns).

tilp the Chiller (Merfolk Ice Elementalist)         Turns: 2219, Time: 00:08:41

Health: -3/40      AC:  3    Str:  8    XL:     5   Next: 22%
Magic:  3/8        EV: 12    Int: 15    God:
Gold:   133        SH:  0    Dex: 15    Spells: 2/8 levels left

rFire    . . .     SeeInvis .   j - +0 dagger
rCold    . . .     Gourm    .   (no shield)
rNeg     . . .     Faith    .   b - +0 leather armour
rPois    .         Spirit   .   (no helmet)
rElec    .         Reflect  .   (no cloak)
rCorr    .         Harm     .   (no gloves)
MR       .....                  (no boots)
Stlth    ++........             (no amulet)
HPRegen  0.13/turn              (no ring)
MPRegen  0.11/turn              (no ring)

@: very slightly contaminated
A: change form in water, swift swim, stealthy swim
a: no special abilities


You were on level 3 of the Dungeon.
You were not hungry.

You visited 1 branch of the dungeon, and saw 3 of its levels.

You collected 133 gold pieces.

Inventory:

Hand Weapons
 d - a +0 quarterstaff
 j - a +0 dagger (weapon)
Missiles
 f - 150 stones (quivered)
Armour
 a - a +0 robe
 b - a +0 leather armour (worn)
 q - +0 gold dragon scales
Jewellery
 n - an uncursed ring of resist corrosion {unknown}
Scrolls
 e - a scroll of fog {unknown}
 h - a scroll of noise {unknown}
 i - a scroll of fear {unknown}
 l - a scroll of immolation
 m - a scroll of enchant weapon {unknown}
 o - 2 scrolls of identify
Potions
 k - a potion of cancellation {unknown}
 p - a potion of resistance {unknown}
 r - a potion of brilliance {unknown}
Comestibles
 c - 4 rations
 g - 5 chunks of flesh


   Skills:
 + Level 2.9 Fighting
 - Level 2.6 Dodging
 - Level 2.1 Stealth
 - Level 2.0 Spellcasting
 - Level 0.7 Conjurations
 - Level 5.4 Ice Magic


You had 2 spell levels left.
You knew the following spells:

 Your Spells              Type           Power        Failure   Level  Hunger
a - Freeze                Ice            ###.         3%          1    #......
b - Throw Frost           Conj/Ice       ##....       14%         2    ###....
c - Ozocubu's Armour      Chrm/Ice       #.......     32%         3    ###....

Your spell library contained the following spells:

 Spells                   Type           Power        Failure   Level  Hunger
 Throw Icicle             Conj/Ice       ##......     67%         4    #####..
 Summon Ice Beast         Ice/Summ       #.......     71%         4    #####..


Dungeon Overview and Level Annotations

Branches:
Dungeon (3/15)

Altars:
Cheibriados
Hepliaklqana
Nemelex Xobeh
Qazlal
Sif Muna
Uskayaw
Wu Jian
Yredelemnul
Zin

Annotations:
D:2 exclusion: worker ant, Sigmund


Message History

Confirm with . or Enter, or press ? or * to list all spells.
Aiming: Freeze (safe; 3% risk of failure)
Press: ? - help, Shift-Dir - straight line, f/p - orc
Aim: an orc, wielding a +0 trident You miscast Freeze.
You are very lightly contaminated with residual magic.
A chill runs through your body. The orc hits you but does no damage.
Casting: Freeze (safe; 3% risk of failure)
Confirm with . or Enter, or press ? or * to list all spells.
Aiming: Freeze (safe; 3% risk of failure)
Press: ? - help, Shift-Dir - straight line, f/p - orc
Aim: an orc, wielding a +0 trident You freeze the orc.
You kill the orc!
An orc priest comes into view. It is wielding a +0 flail.
The orc priest shouts!
There is a stone staircase leading up here.
The orc priest invokes the aid of Beogh against you.
Beogh smites you!
You die... ..##.#.### ......... oo#

..##.#.## ..#
..##....# ..#
####.####..# #>.#
....# #..# ...#.
#..# #..# ...o.
#..####))####.....
#@..o........)....
##.###o..####....#
#.....).# .#.##
######..# .# #
#..o. .# [..### #.
..... . ##...# .
.....


You could see an orc priest and an orc.

Vanquished Creatures
  An orc priest (D:3)
  An orc wizard (D:3)
  4 adders
  A dart slug (D:2)
  3 leopard geckos (D:2)
  An orc (D:3)
  4 bats
  5 giant cockroaches
  5 goblins
  6 hobgoblins
  2 frilled lizards (D:2)
  8 kobolds
  6 rats
47 creatures vanquished.

Notes
Turn   | Place    | Note
-------+----------+-------------------------------------------
     0 | D:1      | tilp the Merfolk Ice Elementalist began the quest for the
                  | Orb.
     0 | D:1      | Reached XP level 1. HP: 13/13 MP: 3/3
   242 | D:1      | Reached XP level 2. HP: 17/19 MP: 0/5
   246 | D:1      | Learned a level 2 spell: Throw Frost
   348 | D:1      | Reached skill level 4 in Ice Magic
  1164 | D:2      | Reached XP level 3. HP: 24/24 MP: 4/6
  1271 | D:2      | Learned a level 3 spell: Ozocubu's Armour
  1279 | D:2      | Found a stormy altar of Qazlal.
  1279 | D:2      | Found a hide-covered altar of Uskayaw.
  1279 | D:2      | Found a sparkling altar of Nemelex Xobeh.
  1280 | D:2      | Found a basalt altar of Yredelemnul.
  1281 | D:2      | Found a snail-covered altar of Cheibriados.
  1281 | D:2      | Found an ornate altar of the Wu Jian Council.
  1281 | D:2      | Found a glowing silver altar of Zin.
  1382 | D:2      | Found a hazy altar of Hepliaklqana.
  1382 | D:2      | Found a deep blue altar of Sif Muna.
  1524 | D:2      | Reached skill level 5 in Ice Magic
  1711 | D:2      | Noticed Sigmund
  1757 | D:2      | Reached XP level 4. HP: 30/30 MP: 7/7
  2022 | D:2      | Found a faded altar of an unknown god.
  2114 | D:3      | Reached skill level 1 in Fighting
  2155 | D:3      | Reached XP level 5. HP: 11/40 MP: 0/8
  2219 | D:3      | Killed from afar by an orc priest

Vault maps used:
D:1:      giann_forest_graveyard
D:2:      grunt_temple_overflow_open, gammafunk_temple_overflow_pools,
          chequers_ecumenical_altar_twisty, minmay_circle_x, uniq_sigmund
D:3:      minmay_roachtagon, uniq_jessica

Skill      XL: |  1  2  3  4 |
---------------+-------------+-----
Ice Magic      | 4 5 |  5.4
Fighting       | 2 |  2.9
Dodging        | |  2.6
Stealth        | |  2.1
Spellcasting   | |  2.0
Conjurations   | |  0.7

Action                   |  1- 3 |  4- 6 || total
-------------------------+-------+-------++-------
Melee: Dagger            |    12 |    10 ||    22
Throw: Stone             |    26 |       ||    26
 Cast: Freeze            |    49 |    22 ||    71
  Use: Scroll            |     1 |     1 ||     2
       Potion            |       |     3 ||     3
 Stab: Sleeping          |     2 |     1 ||     3
  Eat: Chunk             |     4 |     1 ||     5
Armor: Leather armour    |    11 |     6 ||    17
Dodge: Dodged            |    24 |     9 ||    33

Table legend:
 A = Non-vault XP
 B = Vault XP
 C = Vault XP percentage of total XP
 D = Non-vault monster count
 E = Vault monster count
 F = Vault count percentage of total count
                 A         B        C        D         E       F
            +---------+---------+-------+---------+---------+-------
      Total |     189 |      11 |   5.5 |      42 |       5 |  10.6
            +---------+---------+-------+---------+---------+-------
        D:1 |      24 |       0 |   0.0 |      16 |       0 |   0.0
        D:2 |      69 |      11 |  13.8 |      20 |       5 |  20.0
        D:3 |      96 |       0 |   0.0 |       6 |       0 |   0.0
            +---------+---------+-------+---------+---------+-------
